 Dungeon Crawl Stone Soup version 0.29-a0-362-g5854e031c7 (webtiles) character file.

Game seed: 2341829011115481574

205513 spiderkeys the Spry (level 19, -4/143 HPs)
             Began as a Djinni Abyssal Knight on Apr 29, 2022.
             Was the Champion of Lugonu.
             Slain by a boulder beetle simulacrum (24 damage)
             ... on level 4 of the Spider Nest on Apr 30, 2022.
             The game lasted 01:52:28 (40182 turns).

spiderkeys the Spry (Djinni Abyssal Knight)        Turns: 40182, Time: 01:52:29

Health: -4/143     AC: 23    Str: 14    XL:     19   Next: 39%
Gold:   2860       EV: 23    Int: 21    God:    Lugonu [******] SH: 12 Dex: 20

rFire   + + +      SeeInvis +   c - staff of air {!a}
rCold   x . .      Faith    .   D - +1 buckler {AC+3}
rNeg    + . .      Spirit   .   H - +0 troll leather armour
rPois   ∞          Reflect  +   A - +1 helmet {SInv}
rElec   +          Harm     .   e - +2 cloak
rCorr   .          Rampage  .   P - +2 pair of gloves {Stlth+}
Will    ++...                   (boots unavailable)
Stlth   ++........              k - amulet of Ephim {Reflect rF+ Will+ Str+2 Int+3 SH+5}
HPRegen 1.13/turn               O - +4 ring of protection
MPRegen 0.00/turn               E - ring "Hiedyuho" {rN+ AC+4 Dex+4}

@: death channelling, flying
A: sickness immunity, fire resistance 2, cold vulnerability 1, float, innate
caster, HP casting, extra vitality 1
}: 1/15 runes: decaying
a: Renounce Religion, Depart the Abyss, Bend Space, Banish, Corrupt, Enter the
Abyss, Brand Weapon With Distortion


You were on level 4 of the Spider Nest.
You worshipped Lugonu.
Lugonu was exalted by your worship.
You visited 5 branches of the dungeon, and saw 31 of its levels.
You visited the Abyss 1 time.
You also visited: Gauntlet.

You collected 3854 gold pieces.
You spent 994 gold pieces at shops.


Innate Abilities, Weirdness & Mutations

You are immune to sickness and miasma.
You are immune to poison.
Your flesh is very heat resistant. (rF++)
You are vulnerable to cold. (rC-)
You float through the air rather than walking.
You learn spells naturally, not from books.
Your magical power is your life essence.
You have superior vitality. (+4 MHP)


   Skills:
 + Level 15.1 Fighting
 - Level 2.9(6.1) Short Blades
 + Level 8.4(8.6) Long Blades
 - Level 10.6 Staves
 - Level 1.0 Armour
 + Level 16.2 Dodging
 - Level 5.0 Shields
 + Level 15.5 Spellcasting
 + Level 8.4 Invocations


You had 11 spell levels left.
You knew the following spells:

 Your Spells              Type           Power      Damage    Failure   Level
a - Airstrike             Air            44%        N/A       1%          4
c - Conjure Ball Lightni  Conj/Air       44%        3x3d15    1%          6
d - Static Discharge      Conj/Air       89%        N/A       0%          2
g - Malign Gateway        Summ/Tloc      34%        N/A       9%          7
l - Summon Lightning Spi  Summ/Air       89%        N/A       1%          4
m - Manifold Assault      Tloc           69%        N/A       1%          5
o - Ozocubu's Armour      Ice            69%        N/A       1%          3
s - Sting                 Tmut/Pois      100%       1d8       0%          1
D - Death Channel         Necr           34%        N/A       1%          6
Your spell library was empty.

Inventory:

Hand Weapons
 z - a +5 vampiric lajatang
   (You took it off Agnes on level 3 of the Spider Nest)
 F - a +9 quarterstaff of freezing
   (You took it off Crazy Yiuf on level 3 of the Dungeon)
Missiles
 m - 2 silver javelins
 t - 22 javelins
 I - 16 curare-tipped darts {=f}
Armour
 e - a +2 cloak (worn)
   (You found it on level 2 of the Lair of Beasts)
 p - the +3 hat of Watchfulness {*Slow rN++}
   (You found it in a Gauntlet)

   rN:        It greatly protects you from negative energy.
   *Slow:     It may slow you when you take damage.
 A - a +1 helmet of see invisible (worn)
   (You found it on level 6 of the Dungeon)
 D - a +1 buckler of protection (worn)
   (You took it off a tengu warrior in a Gauntlet)
 H - a +0 troll leather armour (worn)
   (You found it on level 10 of the Dungeon)
 P - a +2 pair of gloves of stealth (worn)
   (You found it in a Gauntlet)
Magical Staves
 c - a staff of air (weapon) {!a}
   (You found it on level 9 of the Dungeon)
Jewellery
 k - the amulet of Ephim (around neck) {Reflect rF+ Will+ Str+2 Int+3 SH+5}
   (You found it in a Gauntlet)

   [amulet of reflection]

   It reflects blocked missile attacks.
   Str:       It affects your strength (+2).
   Int:       It affects your intelligence (+3).
   rF:        It protects you from fire.
   SH:        It affects your SH (+5).
   Will:      It increases your willpower.
 C - a ring of protection from cold
   (You found it on level 6 of the Lair of Beasts)
 E - the ring "Hiedyuho" (right hand) {rN+ AC+4 Dex+4}
   (You found it on level 4 of the Swamp)

   [ring of protection]

   AC:        It affects your AC (+4).
   Dex:       It affects your dexterity (+4).
   rN:        It protects you from negative energy.
 O - a +4 ring of protection (left hand)
   (You found it on level 3 of the Lair of Beasts)
 W - a ring of magical power
   (You found it on level 4 of the Swamp)
 Z - the ring "Jewing" {Wiz +Blink rF+}
   (You took it off a centaur warrior on level 15 of the Dungeon)

   [ring of wizardry]

   It improves your spell success rate.
   rF:        It protects you from fire.
   +Blink:    It lets you blink.
Wands
 a - a wand of polymorph (29)
   (You found it on level 5 of the Dungeon)
 b - a wand of digging (5)
   (You found it on level 8 of the Dungeon)
 l - a wand of paralysis (18)
   (You found it on level 11 of the Dungeon)
 v - a wand of iceblast (26)
   (You took it off a kobold brigand on level 9 of the Dungeon)
 G - a wand of mindburst (17)
   (You found it on level 11 of the Dungeon)
 J - a wand of charming (10)
   (You found it on level 4 of the Dungeon)
 N - a wand of acid (21)
   (You found it on level 4 of the Dungeon)
Scrolls
 d - 6 scrolls of identify {@r1}
 h - a scroll of silence {!r}
 i - 9 scrolls of magic mapping {!r}
 o - 5 scrolls of fear
 s - 6 scrolls of immolation {!r!r}
 u - 6 scrolls of fog
 y - 11 scrolls of teleportation {@r4}
 B - 4 scrolls of torment {!r}
 K - a scroll of holy word
 M - a scroll of summoning
 T - 5 scrolls of vulnerability {!r!r}
Potions
 g - a potion of cancellation
 j - 5 potions of berserk rage {!q}
 n - 15 potions of curing {@q1}
 q - 5 potions of ambrosia
 r - 3 potions of might
 w - 6 potions of mutation {!q}
 x - 7 potions of heal wounds {@q2}
 Q - 4 potions of lignification {!q}
 R - 8 potions of brilliance
 U - 8 potions of attraction {!q}
 V - 4 potions of resistance
 X - 2 potions of invisibility
 Y - 8 potions of haste {@q3}
Miscellaneous
 f - a tin of tremorstones (2/2)
   (You found it in a Gauntlet)
 L - a phial of floods
   (You found it on level 13 of the Dungeon)
 S - a box of beasts
   (You found it on level 2 of the Lair of Beasts)

Dungeon Overview and Level Annotations

Branches:
Dungeon (15/15)            Temple (0/1) D:6            Lair (6/6) D:8
  Swamp (4/4) Lair:3       Spider (4/4) Lair:4        Slime (0/5) Lair:6
    Orc (2/2) D:9             Elf (0/3) Orc:2        Vaults (0/5) D:14
 Depths (0/4) D:15        Gauntlet (visited)

Altars:
Elyvilon
Makhleb
Trog
Xom
Zin
Beogh

Shops:
D:1 :   D:2 (   D:4 !   D:8 [   D:10 (   D:11 (   D:13 (   D:14 (   D:15 !=?
Orc:2 =[(=

Annotations:
D:15 2 transporters
Lair:1 1 runed translucent door, Waabatro's ghost, novice GrFi
Lair:4 2 transporters, Kirke; Piwky's ghost, journeyman TrMo
Swamp:1 2 transporters, Pooter's ghost, adept MiFi
Abyss:1 Frances

#### ##.^# #...#
###..###
#####......#
#.#^#^Z....##
#.....^.....#
#.^@s########
#..Z##..#.###
###.......#.##
#....y.#y....#
#^.....##....##
#..#...#......#
#^^#...##Z^..^#
#..##...##..#####
#..
.....#..#.#.## #


You could see a culicivora, a meliai, a boulder beetle simulacrum (ally target)
and a friendly spectral orb spider.


Message History

Casting: Airstrike (safe; 1% risk of failure)
Confirm with . or Enter, or press ? or * to list all spells.
Aiming: Airstrike (safe; 1% risk of failure)
Press: ? - help, Dir - move target, f/p - boulder beetle
Aim: a boulder beetle (almost dead, soul bound, empty space bonus: 1/8)
You feel a surge of power!
The air twists around and strikes the boulder beetle.
* * * LOW HITPOINT WARNING * * *
The spectral jumping spider pounces on you but does no damage.
The spectral jumping spider closely misses you.
You block the spectral wolf spider's attack. x2
The boulder beetle misses you.
The spectral jumping spider closely misses you.
The spectral jumping spider completely misses you. 😨 HP[-3]
You take 3 damage, and now have 70/143 hp.
Casting: Airstrike (safe; 1% risk of failure)
Confirm with . or Enter, or press ? or * to list all spells.
Aiming: Airstrike (safe; 1% risk of failure)
Press: ? - help, Dir - move target, f/p - boulder beetle
Aim: a boulder beetle (almost dead, soul bound, empty space bonus: 1/8)
You feel a surge of power!
The air twists around and strikes the boulder beetle!
You kill the boulder beetle!
Lugonu accepts your kill.
* * * LOW HITPOINT WARNING * * *
A freezing mist starts to gather...
A boulder beetle simulacrum comes into view.
A jumping spider comes into view.
The spectral wolf spider passes through a web.
The spectral jumping spider completely misses you. x2
You block the culicivora's attack. 😨 HP[-3]
You take 3 damage, and now have 67/143 hp.
Press: ? - help, v - describe, . - travel
Here: a spectral jumping spider (severely damaged)
The floor.
Casting: Airstrike (safe; 1% risk of failure)
Confirm with . or Enter, or press ? or * to list all spells.
You feel a surge of power!
You create some ball lightning!
* * * LOW HITPOINT WARNING * * *
3 ball lightnings come into view.
You block the spectral jumping spider's attack. x2
The spectral wolf spider hits you.
* * * LOW HITPOINT WARNING * * *
The spectral wolf spider completely misses you.
The jumping spider leaps!
The culicivora bites you but does no damage.
The spectral wolf spider hits you but does no damage.
You block the spectral wolf spider's attack.
You block the spectral jumping spider's attack.
The spectral jumping spider misses you. 😨 HP[-6]
You take 6 damage, and now have 61/143 hp.
Space bends violently around you!
You blink.
The spectral jumping spider is healed somewhat.
Your ball lightning explodes!
The blast of lightning engulfs the orb spider!!
The blast of lightning engulfs your ball lightning.
Your ball lightning completely resists.
The blast of lightning engulfs the spectral jumping spider!!
The blast of lightning engulfs the culicivora!!
The blast of lightning engulfs the spectral wolf spider!!
A meliai comes into view.
It is wielding a +2 hand axe of freezing and wearing an orb of guile.
Your ball lightning explodes!
The blast of lightning engulfs the culicivora!
The blast of lightning engulfs the orb spider!!
You kill the orb spider!
Lugonu accepts your kill.
The blast of lightning engulfs the spectral jumping spider!!
You destroy the spectral jumping spider!
The blast of lightning engulfs the spectral wolf spider!!
You destroy the spectral wolf spider!
Lugonu accepts your kill.
You feel a bit more experienced.
The blast of lightning engulfs the boulder beetle simulacrum!!
A glowing mist starts to gather...
The meliai mumbles some strange prayers to its god against you.
Something smites you!
* * * LOW HITPOINT WARNING * * *
You hear an angry hiss.
Unknown command. 😨 HP[-15]
You take 15 damage, and now have 46/143 hp.
The boulder beetle simulacrum bites you.
* * * LOW HITPOINT WARNING * * *
The boulder beetle simulacrum freezes you!!!
You feel a terrible chill!
* * * LOW HITPOINT WARNING * * *
😱 HP[-43]
You take 43 damage, and now have 3/143 hp.
MASSIVE DAMAGE!! (PAUSE)
You feel much better. You block the culicivora's attack.
The culicivora bites you but does no damage.
The boulder beetle simulacrum bites you.
* * * LOW HITPOINT WARNING * * *
The boulder beetle simulacrum freezes you!!
You feel a terrible chill!
You die...

Skill      XL: |  1  2  3  4  5  6  7  8  9 10 11 12 13 14 15 16 17 18 19 |
---------------+----------------------------------------------------------+-----
Invocations    | 2 3 4 5 6 7 8 |  8.4
Short Blades   | 2 |  2.9
Dodging        | 3 4 5 6 7 8 10 11 12 13 14 15 16 | 16.2
Spellcasting   | 1 2 4 5 6 8 9 10 11 12 13 14 15 | 15.5
Fighting       | 4 5 6 7 8 9 10 11 12 13 14 15 | 15.1
Staves         | 1 2 4 5 6 7 8 9 10 | 10.6
Shields        | 4 5 |  5.0
Long Blades    | 4 6 7 8 |  8.4
Armour         | |  1.0

Action                   |  1- 3 |  4- 6 |  7- 9 | 10-12 | 13-15 | 16-18 | 19-21 || total
-------------------------+-------+-------+-------+-------+-------+-------+-------++-------
Melee: Short sword       |    53 |     7 |       |       |       |       |       ||    60
       Mace              |    39 |       |       |       |       |       |       ||    39
       Punch             |     1 |     1 |       |       |       |       |       ||     2
       Spear             |       |    91 |       |       |       |       |       ||    91
       Quarterstaff      |       |    57 |   283 |   249 |     7 |       |       ||   596
       Staff             |       |       |       |       |     6 |       |       ||     6
Throw: Javelin           |       |     6 |       |       |       |       |       ||     6
 Cast: Summon Lightning  |       |       |       |    28 |    34 |    31 |     9 ||   102
       Static Discharge  |       |       |       |    26 |   123 |   130 |    27 ||   306
       Ozocubu's Armour  |       |       |       |     4 |     2 |    10 |       ||    16
       Airstrike         |       |       |       |   123 |   545 |   916 |   129 ||  1713
       Sting             |       |       |       |     1 |       |       |     2 ||     3
       Manifold Assault  |       |       |       |       |     6 |       |       ||     6
       Conjure Ball Ligh |       |       |       |       |    19 |    35 |     7 ||    61
       Malign Gateway    |       |       |       |       |       |     3 |       ||     3
       Death Channel     |       |       |       |       |       |       |     4 ||     4
Invok: Bend Space        |     1 |     3 |       |     2 |     5 |    12 |     3 ||    26
       Banish            |       |       |     2 |     8 |     3 |     3 |       ||    16
       Corrupt           |       |       |       |       |     1 |       |       ||     1
Evoke: Box of beasts     |       |       |       |       |       |     1 |       ||     1
  Use: Scroll            |       |     5 |     2 |    10 |    18 |    13 |     3 ||    51
       Potion            |       |       |     2 |       |     1 |     7 |     2 ||    12
 Stab: Sleeping          |     1 |     8 |       |     1 |       |       |       ||    10
       Petrifying        |       |       |     2 |       |       |       |       ||     2
       Petrified         |       |       |     1 |       |       |       |       ||     1
       Distracted        |       |       |       |     4 |       |       |       ||     4
       Confused          |       |       |       |     1 |       |       |       ||     1
Armor: Leather armour    |    43 |    18 |    12 |       |       |       |       ||    73
       Chain mail        |       |       |   149 |       |       |       |       ||   149
       Robe              |       |       |       |    28 |       |       |       ||    28
       Troll leather arm |       |       |       |     4 |    75 |   111 |    42 ||   232
Dodge: Dodged            |    81 |    87 |   222 |   282 |   267 |   274 |   125 ||  1338
Block: Other             |       |    21 |    78 |    75 |    45 |       |       ||   219
       Reflection        |       |     1 |     3 |     1 |    17 |    12 |       ||    34
       Buckler           |       |       |       |       |    59 |   175 |    86 ||   320

Levels and vault maps discovered:
D:1:      lightli_arrival_statuegarden, layout_loops_cross, serial_shops, shop
D:2:      minmay_chambers_of_twos, layout_loops_cross, serial_shops, shop,
          minmay_between
D:3:      layout_basic, chequers_ecumenical_altar_island,
          nicolae_concentric_dashed_squares_wild, uniq_crazy_yiuf_cottage,
          uniq_natasha
D:4:      layout_rooms, serial_shops, nicolae_shop_waterfront
D:5:      layout_loops_ring, zin_academy
D:6:      layout_gridville, minmay_temple_entry_tees
D:7:      layout_basic, grunt_ministairs_11, uniq_menkaure
D:8:      layout_basic, grunt_lair_entry_orc_guard_hut, serial_shops, shop
D:9:      layout_basic, david_orc_1_choice
D:10:     layout_irregular_city, lightli_temple_of_fire, elyvilon_altar_1,
          overflow_temple_1_default, nicolae_stop_n_shop_1, patterned_corridor
D:11:     layout_cave_pods, serial_shops, nicolae_inconvenience_store,
          nicolae_figureground_pulse
D:12:     layout_rooms, gauntlet_entry_generic, uniq_frances
D:13:     layout_long_grid, serial_shops, shop, chequers_serial_rivers_micro_d
D:14:     layout_rooms, david_vaults_5, serial_shops,
          nicolae_shop_bloodbath_and_beyond, kennysheep_generic_room_4
D:15:     hangedman_spin_cycle, serial_shops
Lair:1:   layout_cave_pods, ebering_ghost_xom
Lair:2:   layout_chaotic_city, lemuel_fruit_fields, uniq_fannar, uniq_urug
Lair:3:   layout_misc_corridors, swamp_mist, grunt_megastairs_2
Lair:4:   layout_hall_layers, spider_nest_entry_a,
          gammafunk_ghost_wrathful_warriors, grunt_megastairs_3
Lair:5:   layout_big_grid, evilmike_ambush [evilmike_ambush_outer_corners,
          evilmike_ambush_inner_basic], uniq_kirke, uniq_rupert
Lair:6:   minmay_lair_end_enchanted_forest, layout_regular_city,
          dpeg_slime_entry_corner, serial_bayou_shore_b
Swamp:1:  layout_basic_swamp, gammafunk_ghost_arena,
          evilmike_swamp_ruin_rubble_1
Swamp:2:  layout_basic_swamp, serial_swamp_ruin, evilmike_swamp_ruin_house_1,
          evilmike_swamp_ruin_house_2
Swamp:3:  layout_basic_swamp, nicolae_swamp_tree_isthmus, swamp_pool3
Swamp:4:  swamp_pestilence, layout_basic_swamp, swamp_pool5,
          statue_in_the_mist_lemuel, nicolae_swamp_hydra_murder_den
Spider:1: layout_spider_delve
Spider:2: layout_spider_delve, nicolae_spider_shape, uniq_jorgrun
Spider:3: nicolae_spider_hilbert_zone_6 [nicolae_spider_hilbert_4_sides_1_open,
          nicolae_spider_hilbert_4_sides_1_open,
          nicolae_spider_hilbert_4_sides_1_open,
          nicolae_spider_hilbert_4_sides_1_open,
          nicolae_spider_hilbert_4_sides_1_open,
          nicolae_spider_hilbert_4_sides_1_open,
          nicolae_spider_hilbert_4_sides_1_open], uniq_agnes, uniq_louise
Spider:4: hellmonk_spider_rune_bug_friends
Orc:1:    layout_caves, uniq_erolcha
Orc:2:    grunt_orc_community_town_hall, layout_diamond_mine,
          grunt_orc_community_big_house_1, grunt_orc_community_big_house_1,
          grunt_orc_community_house_2, grunt_orc_community_house_1,
          grunt_orc_community_house_1, grunt_orc_community_house_1, uniq_maurice

Notes
Turn   | Place    | Note
-------+----------+-------------------------------------------
     0 | Abyss:1  | spiderkeys the Djinni Abyssal Knight began the quest for
                  | the Orb.
     0 | Abyss:1  | Reached XP level 1. HP: 20/20 MP: 0/0
     0 | Abyss:1  | magus.rc [v1.11.3]
    16 | D:1      | You pass through the gate.
    16 | D:1      | Escaped the Abyss
    88 | D:1      | Found Heton's Book Shoppe.
   198 | D:1      | Reached skill level 2 in Invocations
   198 | D:1      | Reached XP level 2. HP: 12/25 MP: 0/0
   400 | D:1      | Reached skill level 2 in Short Blades
   570 | D:2      | Found Ukauxze's Weapon Emporium.
   631 | D:2      | Reached XP level 3. HP: 12/30 MP: 0/0
   631 | D:2      | Learned a level 1 spell: Sting
  1176 | D:2      | Reached *** piety under Lugonu
  1181 | D:2      | Reached XP level 4. HP: 27/35 MP: 0/0
  2004 | D:3      | Reached skill level 3 in Dodging
  2017 | D:3      | Reached skill level 1 in Spellcasting
  2022 | D:3      | Reached XP level 5. HP: 16/40 MP: 0/0
  2022 | D:3      | Learned a level 2 spell: Static Discharge
  2317 | D:3      | Noticed Natasha
  2323 | D:3      | Killed Natasha
  2426 | D:3      | Found a faded altar of an unknown god.
  2504 | D:3      | Noticed a black bear
  2517 | D:3      | Killed a black bear
  2518 | D:3      | Reached skill level 4 in Fighting
  2518 | D:3      | Reached skill level 3 in Invocations
  2518 | D:3      | Reached XP level 6. HP: 12/47 MP: 0/0
  2808 | D:3      | Noticed Natasha
  2813 | D:3      | Killed Natasha
  3021 | D:3      | Found a runed translucent door.
  3022 | D:3      | Noticed Crazy Yiuf
  3058 | D:3      | Noticed Natasha
  3066 | D:3      | Killed Natasha
  3125 | D:3      | Killed Crazy Yiuf
  4180 | D:4      | Reached skill level 4 in Dodging
  4180 | D:4      | Reached XP level 7. HP: 34/53 MP: 0/0
  4180 | D:4      | Learned a level 3 spell: Ozocubu's Armour
  4388 | D:4      | Reached skill level 2 in Spellcasting
  4537 | D:4      | Reached **** piety under Lugonu
  4550 | D:4      | Reached skill level 1 in Staves
  4795 | D:4      | Found Raugryda's Distillery.
  4803 | D:4      | Bought a potion of heal wounds for 55 gold pieces
  4922 | D:5      | Entered Level 5 of the Dungeon
  5176 | D:5      | Reached XP level 8. HP: 45/58 MP: 0/0
  5258 | D:5      | Found a glowing silver altar of Zin.
  5349 | D:5      | Reached skill level 4 in Invocations
  5812 | D:6      | Found a staircase to the Ecumenical Temple.
  5832 | D:6      | Reached skill level 2 in Staves
  5832 | D:6      | Reached skill level 3 in Spellcasting
  5935 | D:6      | Reached skill level 5 in Fighting
  6304 | D:6      | Reached skill level 5 in Dodging
  6442 | D:6      | Noticed a shapeshifter
  6442 | D:6      | an adder changed into a shapeshifter
  6442 | D:6      | Noticed a yaktaur
  6442 | D:6      | a shapeshifter changed into a yaktaur
  6449 | D:6      | Killed a yaktaur
  6450 | D:6      | Reached skill level 4 in Spellcasting
  6450 | D:6      | Reached XP level 9. HP: 60/65 MP: 0/0
  6450 | D:6      | Learned a level 4 spell: Summon Lightning Spire
  6531 | D:6      | Reached skill level 3 in Staves
  6927 | D:7      | Reached skill level 5 in Invocations
  6971 | D:7      | Noticed Menkaure
  6975 | D:7      | HP: 15/66 [??? (12)]
  6976 | D:7      | HP: 2/66 [Menkaure (13)]
  6980 | D:7      | Killed Menkaure
  7355 | D:7      | Reached skill level 6 in Fighting
  7633 | D:7      | Reached skill level 6 in Dodging
  7928 | D:7      | Noticed a hornet
  7929 | D:7      | Reached skill level 5 in Spellcasting
  7937 | D:7      | Banished a hornet
  8604 | D:7      | Reached skill level 4 in Staves
  8604 | D:7      | Reached XP level 10. HP: 66/73 MP: 0/0
  9119 | D:8      | Noticed a two-headed ogre
  9120 | D:8      | Banished a two-headed ogre
  9121 | D:8      | Reached skill level 6 in Invocations
  9175 | D:8      | HP: 15/73 [orc priest/divine providence (12)]
  9500 | D:8      | Reached skill level 7 in Dodging
  9500 | D:8      | Reached skill level 6 in Spellcasting
  9687 | D:8      | Reached skill level 7 in Fighting
 10072 | D:8      | Reached skill level 5 in Staves
 10290 | D:8      | Found Hausask's Antique Armour Emporium.
 10338 | D:8      | Found a staircase to the Lair.
 10640 | D:8      | Noticed a two-headed ogre
 10657 | D:8      | Killed a two-headed ogre
 10658 | D:8      | Reached XP level 11. HP: 27/79 MP: 0/0
 10658 | D:8      | Learned a level 4 spell: Airstrike
 11548 | D:9      | Reached skill level 7 in Spellcasting
 11548 | D:9      | Reached skill level 7 in Invocations
 11567 | D:9      | HP: 16/79 [yak (12)]
 11573 | D:9      | Reached skill level 8 in Dodging
 11942 | D:9      | Identified the +11 falchion "Ryroqal" {drain, rPois rC-
                  | rN+}
 12776 | D:9      | Reached skill level 8 in Fighting
 12851 | D:9      | Reached skill level 6 in Staves
 13411 | D:9      | HP: 18/81 [warg (6)]
 13947 | D:9      | Found a staircase to the Orcish Mines.
 14046 | D:10     | Entered Level 10 of the Dungeon
 14121 | D:10     | Found Nuewniul's Weapon Emporium.
 14582 | D:10     | Noticed a cyclops
 14583 | D:10     | Banished a cyclops
 14584 | D:10     | Reached skill level 8 in Spellcasting
 14644 | D:10     | Found a bloodstained altar of Trog.
 14971 | D:10     | Found a burning altar of Makhleb.
 15006 | D:10     | Found a white marble altar of Elyvilon.
 15163 | D:11     | Reached XP level 12. HP: 82/88 MP: 0/0
 15256 | D:11     | Found Ichuibba's Weapon Boutique.
 15834 | D:11     | Reached skill level 9 in Dodging
 15888 | D:11     | Noticed a boulder beetle
 15895 | D:11     | Banished a boulder beetle
 16191 | Lair:1   | Entered Level 1 of the Lair of Beasts
 16381 | Lair:1   | Reached skill level 9 in Fighting
 16381 | Lair:1   | Reached skill level 7 in Staves
 16556 | Lair:1   | Noticed an eight-headed hydra
 16561 | Lair:1   | Killed an eight-headed hydra
 16698 | Lair:1   | Found a runed translucent door.
 16699 | Lair:1   | Found a shimmering altar of Xom.
 16699 | Lair:1   | Noticed Waabatro's ghost (novice GrFi)
 16699 | Lair:1   | Noticed a +1 quarterstaff of chaos
 16850 | Lair:1   | Noticed an eight-headed hydra
 16855 | Lair:1   | Killed an eight-headed hydra
 16856 | Lair:1   | Reached skill level 9 in Spellcasting
 17646 | Lair:2   | Noticed Urug
 17654 | Lair:2   | Killed Urug
 17655 | Lair:2   | Reached skill level 10 in Dodging
 17689 | Lair:2   | Reached XP level 13. HP: 85/94 MP: 0/0
 17689 | Lair:2   | Learned a level 5 spell: Manifold Assault
 17811 | Lair:2   | Noticed Fannar
 17816 | Lair:2   | Killed Fannar
 18021 | Lair:2   | HP: 24/96 [/static electricity (4)]
 18024 | Lair:2   | Reached skill level 8 in Staves
 18492 | Lair:3   | Reached skill level 10 in Fighting
 18506 | Lair:3   | Reached skill level 10 in Spellcasting
 18832 | Lair:3   | Found a staircase to the Swamp.
 19118 | Lair:4   | Found a transporter.
 19248 | Lair:4   | Noticed Piwky's ghost (journeyman TrMo)
 19253 | Lair:4   | Found a bloodstained altar of Trog.
 19321 | Lair:4   | Found a transporter.
 19412 | Lair:4   | HP: 24/97 [elephant (10)]
 19416 | Lair:4   | Reached skill level 11 in Dodging
 19529 | Lair:4   | Reached ***** piety under Lugonu
 19624 | Lair:4   | Found a hole to the Spider Nest.
 20197 | Lair:4   | Reached XP level 14. HP: 84/103 MP: 0/0
 20295 | Lair:5   | Noticed Kirke
 20783 | Lair:5   | Reached skill level 9 in Staves
 20846 | Lair:5   | Reached skill level 11 in Spellcasting
 20882 | Lair:5   | Noticed Rupert
 20889 | Lair:5   | Killed Rupert
 20970 | Lair:5   | Reached skill level 11 in Fighting
 21213 | Lair:6   | Entered Level 6 of the Lair of Beasts
 21748 | Lair:6   | Reached skill level 12 in Dodging
 21910 | Lair:6   | Found a staircase to the Slime Pits.
 22064 | Lair:6   | Reached ****** piety under Lugonu
 22937 | D:12     | You are sucked into a shaft and drop 1 floor!
 23050 | D:11     | Reached XP level 15. HP: 91/111 MP: 0/0
 23050 | D:11     | Learned a level 6 spell: Conjure Ball Lightning
 23072 | D:12     | Noticed Frances
 23074 | D:12     | Banished Frances
 23076 | D:12     | Found a gate leading to a gauntlet.
 23089 | Gauntlet | Entered a Gauntlet
 23089 | Gauntlet | Found a transporter.
 23089 | Gauntlet | Found a transporter.
 23089 | Gauntlet | Found a runed translucent door.
 23089 | Gauntlet | Found a runed translucent door.
 23101 | Gauntlet | Found a transporter.
 23113 | Gauntlet | Found a transporter.
 23121 | Gauntlet | Found a transporter.
 23121 | Gauntlet | Found the +0 mask of the Dragon {Will+ Slay+3 SInv}
 23126 | Gauntlet | Found a transporter.
 23134 | Gauntlet | Found a transporter.
 23156 | Gauntlet | Found a transporter.
 23171 | Gauntlet | Found a transporter.
 23183 | Gauntlet | Found a transporter.
 23185 | Gauntlet | Found a runed translucent gate.
 23185 | Gauntlet | Found a runed translucent gate.
 23185 | Gauntlet | Found a runed translucent gate.
 23191 | Gauntlet | Found a transporter.
 23195 | Gauntlet | Found a transporter.
 23256 | Gauntlet | Reached skill level 10 in Staves
 23256 | Gauntlet | Reached skill level 12 in Spellcasting
 23509 | Gauntlet | Got the Guide on the Toxic Frostbite
 23510 | Gauntlet | Identified the +3 hat of Watchfulness {*Slow rN++}
 23525 | Gauntlet | Corrupted Gauntlet
 23644 | Gauntlet | Identified the amulet of Ephim {Reflect rF+ Will+ Str+2
                  | Int+3 SH+5}
 23716 | Gauntlet | Reached skill level 1 in Shields
 23767 | Gauntlet | Identified the +4 long sword of Defiance {freeze, rElec
                  | rC+}
 24159 | D:12     | Reached skill level 2 in Shields
 24254 | D:12     | Reached skill level 12 in Fighting
 24935 | D:13     | Reached skill level 3 in Shields
 25535 | D:13     | Found Vexos's Weapon Shoppe.
 25659 | D:14     | Reached skill level 13 in Dodging
 26016 | D:14     | Found a gate to the Vaults.
 26021 | D:14     | Identified the +1 robe of Trial and Error {Will- Regen+
                  | Str+2 Dex+2 Stlth+}
 26462 | D:14     | Found Xemex's Weapon Shoppe.
 26512 | D:15     | Entered Level 15 of the Dungeon
 26564 | D:15     | Reached skill level 4 in Shields
 26564 | D:15     | Reached XP level 16. HP: 101/120 MP: 0/0
 26687 | D:15     | Reached skill level 1 in Long Blades
 26736 | D:15     | Noticed Azrael
 26743 | D:15     | Killed Azrael
 26758 | D:15     | HP: 30/120 [fire elemental[Azrael] (1)]
 26822 | D:15     | Identified the ring "Jewing" {Wiz +Blink rF+}
 26838 | D:15     | Reached skill level 13 in Spellcasting
 27046 | D:15     | Reached skill level 2 in Long Blades
 27141 | D:15     | Found Lackoeta's Magic Scroll Shop.
 27141 | D:15     | Found a transporter.
 27153 | D:15     | Bought a scroll of acquirement for 780 gold pieces
 27153 | D:15     | Acquired 342 gold pieces
 27173 | D:15     | Identified the ring of the Bespelling Traitor {Str+6 Int+3
                  | Dex+5}
 27308 | D:15     | Noticed a frost giant
 27321 | D:15     | Killed a frost giant
 27378 | D:15     | Reached skill level 5 in Shields
 27542 | D:15     | Reached skill level 3 in Long Blades
 27659 | D:15     | Noticed a fire giant
 27668 | D:15     | Killed a fire giant
 27723 | D:15     | Found Qiot's Distillery.
 27776 | D:15     | Identified the ring of Trepidation {Str+6 Int+2}
 27859 | D:15     | Reached skill level 13 in Fighting
 27921 | D:15     | Found a staircase to the Depths.
 27934 | D:15     | Noticed a tengu reaver
 27941 | D:15     | HP: 13/121 [tengu reaver/bolt of acid (44)]
 27945 | D:15     | Killed a tengu reaver
 28091 | D:15     | Noticed a frost giant
 28102 | D:15     | Killed a frost giant
 28162 | D:15     | Noticed a frost giant
 28169 | D:15     | Killed a frost giant
 28170 | D:15     | Paralysed by an ogre mage for 3 turns
 28175 | D:15     | Reached skill level 4 in Long Blades
 28175 | D:15     | Reached skill level 14 in Dodging
 28214 | D:15     | Found a transporter.
 28318 | D:15     | Found Qujo's Jewellery Emporium.
 28395 | D:15     | Reached XP level 17. HP: 114/126 MP: 0/0
 28395 | D:15     | Learned a level 7 spell: Malign Gateway
 28581 | Orc:1    | Entered Level 1 of the Orcish Mines
 28595 | Orc:1    | Noticed Erolcha
 28598 | Orc:1    | Killed Erolcha
 28786 | Orc:2    | Entered Level 2 of the Orcish Mines
 28804 | Orc:2    | Noticed Maurice
 28811 | Orc:2    | Killed Maurice
 28940 | Orc:2    | Found a staircase to the Elven Halls.
 29100 | Orc:2    | Found Vuennafi's Jewellery Shop.
 29527 | Orc:2    | Found Wet Ceyt's Jewellery Shop.
 29735 | Orc:2    | HP: 29/127 [spore (8)]
 29741 | Orc:2    | HP: 17/127 [orc priest/divine providence (8)]
 29750 | Orc:2    | HP: 20/127 [spore (7)]
 30049 | Orc:2    | Found Isusyoju's Antique Weapon Shoppe.
 30052 | Orc:2    | Found Raofinany's Antique Armour Emporium.
 30064 | Orc:2    | Bought a thick robe for 159 gold pieces
 30064 | Orc:2    | Identified the +2 robe of Fun and Games {rN+} (You bought
                  | it in a shop on level 2 of the Orcish Mines)
 30333 | Swamp:1  | Entered Level 1 of the Swamp
 30372 | Swamp:1  | Reached skill level 14 in Spellcasting
 30374 | Swamp:1  | Noticed Pooter's ghost (adept MiFi)
 30380 | Swamp:1  | Noticed a tentacled monstrosity
 30387 | Swamp:1  | Found a transporter.
 30409 | Swamp:1  | Found a transporter.
 30573 | Swamp:1  | Reached skill level 5 in Long Blades
 31760 | Swamp:3  | Noticed a thorn hunter
 31856 | Swamp:2  | HP: 1/128 [eleionoma/spray of wooden splinters (32)]
 32028 | Swamp:3  | Killed a thorn hunter
 32237 | Swamp:3  | Identified the +0 leather armour of Twilight {*Corrode rN+
                  | Will+}
 32602 | Swamp:3  | Reached skill level 6 in Long Blades
 32814 | Swamp:4  | Entered Level 4 of the Swamp
 32818 | Swamp:4  | Identified the ring "Hiedyuho" {rN+ AC+4 Dex+4}
 32997 | Swamp:4  | Reached skill level 14 in Fighting
 33159 | Swamp:4  | Reached skill level 15 in Dodging
 33176 | Swamp:4  | Reached XP level 18. HP: 114/135 MP: 0/0
 34062 | Swamp:4  | Identified the +7 mace of Spite {freeze, rPois}
 34207 | Swamp:4  | Noticed a bone dragon
 34220 | Swamp:4  | Killed a bone dragon
 34307 | Swamp:4  | Reached skill level 15 in Spellcasting
 34510 | Swamp:4  | Got a decaying rune of Zot
 35135 | Spider:1 | Entered Level 1 of the Spider Nest
 35827 | Spider:1 | Reached skill level 7 in Long Blades
 36064 | Spider:2 | Noticed Jorgrun
 36129 | Spider:1 | Killed Jorgrun
 37990 | Spider:3 | Reached XP level 19. HP: 133/142 MP: 0/0
 37990 | Spider:3 | Learned a level 6 spell: Death Channel
 38316 | Spider:3 | Reached skill level 8 in Invocations
 38379 | Spider:3 | Reached skill level 8 in Long Blades
 38379 | Spider:3 | Reached skill level 16 in Dodging
 38545 | Spider:3 | Noticed Louise
 38558 | Spider:3 | Killed Louise
 38874 | Spider:3 | Noticed Agnes
 38889 | Spider:3 | Killed Agnes
 38890 | Spider:3 | Reached skill level 15 in Fighting
 39775 | Spider:4 | Entered Level 4 of the Spider Nest
 40181 | Spider:4 | HP: 3/143 [boulder beetle simulacrum (42)]
 40182 | Spider:4 | Slain by a boulder beetle simulacrum

Vanquished Creatures
  Jorgrun (Spider:1)
  Agnes (Spider:3)
  A thorn hunter (Swamp:3)
  A tengu reaver (D:15)
  A fenstrider witch (Swamp:3)
  2 frost giants (D:15)
  A fire giant (D:15)
  An orc warlord (Orc:2)
  An emperor scorpion (Spider:3)
  Louise (Spider:3)
  Azrael (D:15)
  5 eleionomae
  3 bunyips
  4 spark wasps
  A minotaur (Gauntlet)
  A radroach (Spider:3)
  A rakshasa (D:15)
  16 hydras
  2 ghost crabs
  Fannar (Lair:2)
  A jorogumo (Spider:1)
  An ogre mage (D:15)
  Erolcha (Orc:1)
  5 vault guards (D:15)
  A catoblepas (D:15)
  10 centaur warriors
  3 boulder beetles
  2 two-headed ogres
  A deep troll shaman (D:15)
  2 tengu warriors
  A satyr (shapeshifter) (Gauntlet)
  10 alligators
  A death scarab (Spider:2)
  An orc high priest (Orc:2)
  Urug (Lair:2)
  A large abomination (Gauntlet)
  5 orb spiders
  6 steelbarb worms
  A shadow wraith (D:15)
  5 goliath frogs
  6 pharaoh ants
  6 swamp dragons
  5 bog bodies (Swamp:4)
  3 spectral hydras (Swamp:4)
  A spriggan druid (Swamp:3)
  A phantasmal warrior (Swamp:4)
  3 orc knights
  2 wizards (D:15)
  3 deep elf pyromancers
  A necromancer (D:15)
  7 ugly things
  16 wolf spiders
  2 salamanders (D:15)
  An oklob plant (Swamp:4)
  7 will-o-the-wisps
  An orc sorcerer (Orc:2)
  4 manticores
  7 cyclopes
  5 moths of wrath
  A centaur zombie (D:15)
  A torpor snail (Spider:2)
  5 elephants (Lair:4)
  4 black mambas
  18 cane toads
  Maurice (Orc:2)
  A rime drake (shapeshifter) (D:15)
  An unseen horror (D:12)
  3 freezing wraiths
  7 komodo dragons
  4 swamp worm zombies (Swamp:4)
  2 centaur skeletons (D:15)
  A kobold demonologist (D:10)
  7 demonic crawlers
  2 rime drakes
  11 yaktaurs
  A yaktaur (shapeshifter) (D:6)
  5 tengu conjurers
  2 efreet (D:15)
  A burning bush (Lair:5)
  3 hydra zombies (Swamp:4)
  6 polar bears
  6 meliai
  3 bloated husks
  6 tyrant leeches
  2 trolls
  2 spectral swamp dragons (Swamp:4)
  3 alligator zombies (Swamp:4)
  8 hornets
  16 tarantellas
  24 slime creatures
  2 dream sheep (Lair:6)
  17 blink frogs
  20 jumping spiders
  2 centaur simulacra
  16 spriggans
  14 culicivoras
  3 wraiths
  4 basilisks
  36 yaks
  5 wyverns
  2 fire elementals (D:15)
  4 small abominations (Gauntlet)
  2 hogs
  2 steam dragons (D:9)
  30 redbacks
  12 vampire mosquitoes
  14 swamp worms
  Menkaure (D:7)
  3 acid dragons
  A harpy simulacrum (D:15)
  4 wargs
  12 water moccasins
  2 hell hounds (D:15)
  3 floating eyes (D:15)
  4 swamp drakes
  24 orc warriors
  4 swamp dragon zombies (Swamp:4)
  5 black bears
  4 ogres
  32 wolves
  15 centaurs
  4 boggarts (Lair:6)
  3 kobold brigands
  4 phantoms
  A necrophage (D:4)
  12 bullfrogs
  A gnoll sergeant (D:6)
  3 scorpions
  7 wights (D:9)
  5 killer bees
  A nameless horror (D:8)
  6 howler monkeys
  2 hounds (D:6)
  13 orc priests
  2 jellies
  Crazy Yiuf (D:3)
  3 iguanas
  Natasha (thrice) (D:3)
  22 orc wizards
  A spectral swamp drake (Swamp:4)
  7 gnolls
  2 swamp drake zombies (Swamp:4)
  3 adders
  2 white imps
  2 worms
  4 dart slugs
  78 orcs
  9 bats
  9 endoplasms
  6 giant cockroaches
  8 goblins
  5 hobgoblins
  5 jackals
  3 quokkas
  6 ball pythons
  2 frilled lizards
  25 kobolds
  10 rats
922 creatures vanquished.

Vanquished Creatures (collateral kills)
  A bone dragon (Swamp:4)
  Rupert (Lair:5)
  A frost giant (D:15)
  A broodmother (Spider:1)
  3 entropy weavers
  2 boulder beetles
  A salamander tyrant (D:15)
  2 radroaches
  An ogre mage (D:15)
  A two-headed ogre (D:8)
  A salamander mystic (D:15)
  A pharaoh ant (Spider:4)
  A glowing orange brain (shapeshifter) (Gauntlet)
  A phantasmal warrior (D:15)
  A wolf spider (Spider:1)
  An orc knight (D:15)
  An orc sorcerer (Orc:2)
  4 elephants (Lair:4)
  A black mamba (Lair:4)
  A cane toad (Lair:2)
  2 torpor snails
  A demonic crawler (Spider:3)
  3 komodo dragons
  An ice devil (Gauntlet)
  2 blink frogs (Lair:6)
  2 jumping spiders
  12 yaks
  A wyvern (Lair:4)
  2 wraiths
  A hog (Lair:4)
  3 redbacks
  A warg (Orc:2)
  A water moccasin (Lair:6)
  A floating eye (D:15)
  7 orc warriors
  2 black bears (Lair:6)
  2 wolves (Lair:6)
  2 centaurs (D:9)
  2 small abominations (Gauntlet)
  2 kobold brigands
  A bullfrog (Lair:2)
  2 wights (D:9)
  3 killer bees
  An orc priest (Orc:2)
  A gnoll shaman (D:8)
  An orc wizard (Orc:2)
  A gnoll (D:8)
  A white imp (Gauntlet)
  8 orcs
  4 kobolds
  A ball lightning (D:12)
101 creatures vanquished.

Vanquished Creatures (others)
  3 eldritch tentacles
  A hydra (D:15)
  A phantasmal warrior (Swamp:4)
  A moth of wrath (Gauntlet)
  A wolf spider (Gauntlet)
  A torpor snail (Spider:4)
  A wraith (D:9)
  3 redbacks (Gauntlet)
  3 phantoms (Swamp:4)
  An orc wizard (D:7)
  A kobold (D:7)
  153 ball lightnings
  3 briar patches (Swamp:3)
  28 foxfires
  31 fungi
  33 plants
265 creatures vanquished.

Grand Total: 1288 creatures vanquished

Table legend:
 A = Non-vault XP
 B = Vault XP
 C = Vault XP percentage of total XP
 D = Non-vault monster count
 E = Vault monster count
 F = Vault count percentage of total count
                 A         B        C        D         E       F
            +---------+---------+-------+---------+---------+-------
      Total |  182591 |  111192 |  37.8 |     712 |     325 |  31.3
            +---------+---------+-------+---------+---------+-------
        D:1 |      61 |       0 |   0.0 |      31 |       0 |   0.0
        D:2 |      51 |      16 |  23.9 |      14 |      10 |  41.7
        D:3 |     275 |      74 |  21.2 |      24 |       2 |   7.7
        D:4 |     281 |       0 |   0.0 |      16 |       0 |   0.0
        D:5 |     440 |       0 |   0.0 |      21 |       0 |   0.0
        D:6 |    1308 |       0 |   0.0 |      23 |       0 |   0.0
        D:7 |    1555 |     383 |  19.8 |      23 |       3 |  11.5
        D:8 |    3520 |     487 |  12.2 |      38 |       5 |  11.6
        D:9 |    4600 |     848 |  15.6 |      36 |       9 |  20.0
       D:10 |    1531 |       0 |   0.0 |      11 |       0 |   0.0
       D:11 |    3285 |       0 |   0.0 |      11 |       0 |   0.0
       D:12 |   11205 |    1481 |  11.7 |      38 |       1 |   2.6
       D:13 |    7860 |       0 |   0.0 |      20 |       0 |   0.0
       D:14 |    7917 |    1498 |  15.9 |      22 |       5 |  18.5
       D:15 |       0 |   45733 | 100.0 |       0 |      78 | 100.0
     Lair:1 |    6526 |       0 |   0.0 |      20 |       0 |   0.0
     Lair:2 |    5329 |    1652 |  23.7 |      20 |       2 |   9.1
     Lair:3 |    3492 |     389 |  10.0 |      19 |       1 |   5.0
     Lair:4 |    9475 |    2952 |  23.8 |      33 |      11 |  25.0
     Lair:5 |    5215 |    2249 |  30.1 |      14 |       3 |  17.6
     Lair:6 |    6745 |    7762 |  53.5 |      27 |      45 |  62.5
    Swamp:1 |    9872 |       0 |   0.0 |      24 |       0 |   0.0
    Swamp:2 |    8340 |       0 |   0.0 |      15 |       0 |   0.0
    Swamp:3 |   16845 |       0 |   0.0 |      24 |       0 |   0.0
    Swamp:4 |   11121 |   14675 |  56.9 |      19 |      40 |  67.8
   Spider:1 |   15043 |    1941 |  11.4 |      33 |       1 |   2.9
   Spider:2 |   12230 |    4686 |  27.7 |      41 |       8 |  16.3
   Spider:3 |   14499 |    8289 |  36.4 |      38 |      10 |  20.8
   Spider:4 |   10915 |    1728 |  13.7 |      21 |       2 |   8.7
      Orc:1 |     351 |     854 |  70.9 |       3 |       1 |  25.0
      Orc:2 |    2704 |    6818 |  71.6 |      33 |      69 |  67.6
   Gauntlet |       0 |    6677 | 100.0 |       0 |      19 | 100.0
            +---------+---------+-------+---------+---------+-------

Illustrated notes

Table legend:
 A = Kills in this place as a percentage of kills in entire the game.
 B = Kills by you in this place as a percentage of kills by you in the entire game.
 C = Kills by friends in this place as a percentage of kills by friends in the entire game.
 D = Other kills in this place as a percentage of other kills in the entire game.
 E = Experience gained in this place as a percentage of experience gained in the entire game.
 F = Experience gained in this place divided by the number of levels of this place that you have seen.
                   A       B       C       D       E      F
               +-------+-------+-------+-------+-------+----------------------
         Total | 100.0 | 100.0 | 100.0 | 100.0 | 100.0 | 8902.5
       Dungeon |  42.5 |  42.9 |  34.0 |  75.0 |  32.1 | 6293.9
          Lair |  18.8 |  17.8 |  31.0 |   0.0 |  17.6 | 8631.0
         Swamp |  11.8 |  12.9 |   1.0 |  12.5 |  20.7 | 15213.2
   Spider Nest |  14.9 |  14.8 |  16.0 |  12.5 |  23.6 | 17332.8
  Orcish Mines |  10.2 |  10.1 |  13.0 |   0.0 |   3.7 | 5363.5
      Gauntlet |   1.8 |   1.5 |   5.0 |   0.0 |   2.3 | 6677.0
               +-------+-------+-------+-------+-------+----------------------

Table legend: (Time is in decaauts)
 A = Elapsed time spent in this place.
 B = Non-inter-level travel time spent in this place.
 C = Inter-level travel time spent in this place.
 D = Time resting spent in this place.
 E = Time spent auto-exploring this place.
 F = Levels seen in this place.
 G = Mean time per level.
                   A        B        C        D        E       F      G
               +--------+--------+--------+--------+--------+-----+--------+
         Total |  40334 |  37464 |   2870 |   7022 |  23609 |  33 | 1222.2 |
       Dungeon |  21695 |  20286 |   1409 |   5037 |  12093 |  15 | 1446.3 |
          Lair |   7058 |   6299 |    759 |    309 |   5006 |   6 | 1176.3 |
         Swamp |   4493 |   4106 |    387 |    600 |   2596 |   4 | 1123.2 |
   Spider Nest |   4501 |   4339 |    162 |    851 |   2559 |   4 | 1125.2 |
  Orcish Mines |   1763 |   1611 |    152 |    178 |   1071 |   2 |  881.5 |
         Abyss |     16 |     16 |      0 |      0 |      8 |   1 |   16.0 |
      Gauntlet |    806 |    806 |      0 |     47 |    276 |   1 |  806.0 |
               +--------+--------+--------+--------+--------+-----+--------+

Top non-repeatable levels by time:
     D:9: 2811 daAuts
     D:8: 2759 daAuts
    D:15: 1913 daAuts
     D:7: 1751 daAuts
Spider:3: 1593 daAuts
 Swamp:4: 1587 daAuts
Spider:1: 1576 daAuts
     D:3: 1539 daAuts
  Lair:6: 1531 daAuts
  Lair:4: 1504 daAuts
     D:2: 1485 daAuts
  Lair:1: 1444 daAuts
   Orc:2: 1381 daAuts
     D:6: 1308 daAuts
    D:11: 1227 daAuts
